 Dungeon Crawl Stone Soup version 0.28.0 (webtiles) character file.

Game seed: 8048136154037219378

20763 Hasart the Martial Artist (level 12, 0/144 HPs)
             Began as an Octopode Transmuter on Feb 16, 2022.
             Was an Initiate of Gozag.
             Slain by a minotaur (1 damage)
             ... in a Gauntlet.
             The game lasted 00:34:27 (15631 turns).

Hasart the Martial Artist (Octopode Transmuter)    Turns: 15631, Time: 00:34:28

Health: 0/144      AC:  9    Str: 14    XL:     12   Next: 82%
Magic:  18/21      EV: 16    Int: 21    God:    Gozag
Gold:   1268       SH:  0    Dex: 12    Spells: 14/24 levels left

rFire   . . .      SeeInvis .     - Unarmed
rCold   + + +      Faith    .   (shield currently unavailable)
rNeg    . . .      Spirit   .   (helmet currently unavailable)
rPois   +          Reflect  .   b - amulet of regeneration
rElec   .          Harm     .   p - ring of protection from fire
rCorr   .          Rampage  .   k - ring "Varerus" {EV+4 Str+5}
Will    .....      NoTele   +   (no ring)
Stlth   ..........              (no ring)
HPRegen 1.14/turn               (no ring)
MPRegen 0.17/turn               (no ring)
                                (no ring)
                                (no ring)

@: mighty, berserking, ice-form, very quick
A: freezing attack, boosted hp, almost no armour, amphibious, 8 rings, large,
(camouflage 1), (gelatinous body 1), (nimble swimmer 1), (tentacles)
a: End Transformation, Renounce Religion, Potion Petition, Call Merchant, Bribe
Branch


You were in a Gauntlet.
You worshipped Gozag.
Gozag was most pleased with you.
You were a creature of crystalline ice.
You visited 4 branches of the dungeon, and saw 17 of its levels.
You also visited: Sewer, Ossuary and Gauntlet.

You collected 2826 gold pieces.
You spent 39 gold pieces at shops.
You paid 1519 gold pieces to Gozag.

Inventory:

Missiles
 y - 2 throwing nets (quivered)
Jewellery
 b - an amulet of regeneration (around neck)
 k - the ring "Varerus" (right front paw) {EV+4 Str+5}
   (You acquired it on level 8 of the Dungeon)

   [ring of evasion]

   EV:        It affects your evasion (+4).
   Str:       It affects your strength (+5).
 p - a ring of protection from fire (left front paw)
 F - an amulet of reflection
Wands
 f - a wand of mindburst (7)
 t - a wand of charming (11)
 A - a wand of iceblast (5)
 C - a wand of polymorph (9)
Scrolls
 a - 6 scrolls of amnesia
 g - a scroll of identify
 j - 3 scrolls of blinking
 n - 2 scrolls of fog
 o - 2 scrolls of immolation
 q - a scroll of fear {unknown}
 s - 3 scrolls of teleportation
 v - a scroll of enchant weapon
 z - a scroll of brand weapon
 D - 2 scrolls of vulnerability
 E - a scroll of holy word
Potions
 c - 2 potions of lignification
 d - 9 potions of curing
 e - 4 potions of mutation
 h - 2 potions of heal wounds
 i - 2 potions of ambrosia
 l - 4 potions of degeneration
 m - 4 potions of flight
 u - 3 potions of attraction
 w - a potion of berserk rage
 x - a potion of invisibility
 B - 2 potions of resistance
Miscellaneous
 G - a lightning rod (4/4)


   Skills:
 + Level 6.7 Fighting
 - Level 5.0 Throwing
 + Level 7.1 Dodging
 * Level 10.3 Unarmed Combat
 + Level 6.5 Spellcasting
 + Level 7.1 Transmutations
 * Level 9.1 Ice Magic
 - Level 7.0 Poison Magic
 - Level 5.0 Evocations


You had 14 spell levels left.
You knew the following spells:

 Your Spells              Type           Power      Damage    Failure   Level
a - Beastly Appendage     Tmut           72%        N/A       1%          1
b - Wereblood             Tmut           36%        N/A       1%          2
c - Spider Form           Tmut/Pois      36%        N/A       1%          3
d - Ice Form              Ice/Tmut       41%        N/A       3%          4

Your spell library contained the following spells:

 Spells                   Type           Power      Damage    Failure   Level
 Ozocubu's Armour         Ice            45%        N/A       1%          3
 Ensorcelled Hibernation  Hex/Ice        52%        N/A       2%          2
 Passwall                 Tmut/Erth      17%        N/A       3%          2
 Apportation              Tloc           12%        N/A       10%         1
 Foxfire                  Conj/Fire      24%        2x1d5     10%         1
 Magic Dart               Conj           24%        1d4       10%         1
 Shock                    Conj/Air       24%        1d4       10%         1
 Slow                     Hex            24%        N/A       10%         1
 Searing Ray              Conj           12%        2d4       14%         2
 Alistair's Intoxication  Tmut/Pois      24%        N/A       14%         5
 Confusing Touch          Hex            6%         N/A       28%         3
 Conjure Flame            Conj/Fire      6%         6-21      28%         3
 Inner Flame              Hex/Fire       6%         N/A       28%         3
 Swiftness                Air            6%         N/A       28%         3
 Vampiric Draining        Necr           6%         2d6       28%         3
 Eringya's Noxious Bog    Tmut/Pois      18%        N/A       61%         6
 Airstrike                Air            3%         N/A       67%         4
 Animate Dead             Necr           3%         N/A       67%         4
 Cause Fear               Hex            3%         N/A       67%         4
 Flame Wave               Conj/Fire      6%         2d5       67%         4
 Fulminant Prism          Conj/Hex       3%         3d6       67%         4
 Ozocubu's Refrigeration  Ice            22%        4d9       88%         7
 Borgnjor's Vile Clutch   Necr/Erth      3%         N/A       95%         5
 Summon Forest            Summ/Tloc      3%         N/A       95%         5
 Death Channel            Necr           3%         N/A       100%        6
 Haunt                    Necr/Summ      3%         N/A       100%        7
 Summon Hydra             Summ           3%         N/A       100%        7
 Discord                  Hex            3%         N/A       100%        8
 Infestation              Necr           3%         N/A       100%        8


Dungeon Overview and Level Annotations

Branches:
Dungeon (11/15)            Temple (1/1) D:6            Lair (5/6) D:11
  Snake (0/4) Lair:4          Orc (1/2) D:9           Sewer (visited)
Ossuary (visited)         Gauntlet (1/1)
  Swamp: Lair:2-4    Shoals: Lair:2-4     Slime: Lair:5-6

Altars:
Ashenzari
Cheibriados
Dithmenos
Gozag
Qazlal
Ru
Uskayaw

Shops:
D:5 *   D:8 ?   D:10 ?:

Annotations:
D:5 3 runed translucent doors, Galthrax's ghost, novice MiMo
D:6 2 runed translucent doors, inmateoo's ghost, novice TrMo
Orc:1 3 runed translucent doors, Discosetron's ghost, journeyman DjEE; Jorgrun Gauntlet 12 transporters, exclusion: obsidian statue


Innate Abilities, Weirdness & Mutations

You are a creature of crystalline ice.
You have a powerful freezing melee attack.
Your maximum health is increased.
Your armour is entirely melded.
You are incapable of wielding weapons or throwing items.
You cannot wear most types of armour.
You are amphibious.
You can wear up to eight rings at the same time.
((Your skin changes colour to match your surroundings (Stealth+).))
((Your rubbery body absorbs attacks. (AC +1, EV +1)))
((You are camouflaged when in or above water. (Stealth+)))
((You have tentacles for arms and can constrict up to eight enemies at once.))


Message History

The minotaur hits you but does no damage.
The minotaur gores you!
Unknown command.
You hit the minotaur but do no damage.
The minotaur hits you with the +6 quarterstaff of Amoot {freeze, rN+ Dex+3}!!!
The minotaur freezes you. The minotaur closely misses you.
You punch the minotaur! You freeze the minotaur.
The minotaur is moderately wounded.
You hit the minotaur. You freeze the minotaur.
The minotaur is moderately wounded.
The minotaur completely misses you. The minotaur gores you!
You barely miss the minotaur.
The minotaur furiously retaliates!
The minotaur headbutts you!
The minotaur is moderately wounded.
You hit the minotaur. You freeze the minotaur.
The minotaur is moderately wounded.
The minotaur closely misses you. The minotaur gores you!
You punch the minotaur! You freeze the minotaur.
The minotaur is heavily wounded.
You hit the minotaur but do no damage.
The minotaur is heavily wounded.
The minotaur hits you with the +6 quarterstaff of Amoot {freeze, rN+ Dex+3}.
The minotaur misses you.
You completely miss the minotaur.
The minotaur is heavily wounded.
You punch the minotaur! You freeze the minotaur.
The minotaur is heavily wounded.
The minotaur hits you with the +6 quarterstaff of Amoot {freeze, rN+ Dex+3}!!
* * * LOW HITPOINT WARNING * * *
The minotaur gores you.
* * * LOW HITPOINT WARNING * * *
You punch the minotaur! You freeze the minotaur.
The minotaur is severely wounded.
You hit the minotaur but do no damage.
The minotaur is severely wounded.
The minotaur hits you with the +6 quarterstaff of Amoot {freeze, rN+ Dex+3}!!!
* * * LOW HITPOINT WARNING * * *
The minotaur freezes you.
You die...
Your body crumbles into a pile of gold.

#.............#
#############.#
#. #.# #. ##
###.# #.##⌠
##...# ... $
#..#.# #.#
#.##.#
#H#####.#..#
#.Y.....#.##
#########. ..


You could see a minotaur.

Vanquished Creatures
  A hydra (D:11)
  2 two-headed ogres
  An orc high priest (Orc:1)
  Nergalle (D:10)
  A black mamba (Lair:1)
  Maurice (D:11)
  4 cane toads
  A komodo dragon (Lair:1)
  5 trolls
  A tyrant leech (Gauntlet)
  A hornet (D:8)
  A shadow (D:7)
  2 wraiths
  A vampire (D:10)
  26 yaks
  Grum (D:11)
  6 water moccasins
  4 swamp worms (Gauntlet)
  A warg (D:9)
  Menkaure (D:7)
  8 orc warriors
  Pargi (Sewer)
  An ice beast (D:8)
  2 sky beasts (D:6)
  4 ogres
  20 wolves
  5 centaurs
  2 phantoms
  6 kobold brigands
  7 gnoll sergeants (D:9)
  2 bullfrogs (Lair:1)
  A scorpion (D:7)
  5 water moccasin zombies (Ossuary)
  13 killer bees
  3 howler monkeys (D:10)
  5 wights (D:9)
  2 electric eels (D:11)
  4 jellies
  6 centaur zombies
  9 orc priests
  A bullfrog skeleton (D:5)
  6 hounds
  A centaur skeleton (D:5)
  5 iguanas
  Terence (D:3)
  6 orc wizards
  A scorpion zombie (D:5)
  2 mummies (Ossuary)
  A howler monkey zombie (D:8)
  9 gnolls
  6 adders
  2 river rats (D:6)
  2 shadow imps
  A white imp (D:7)
  An ufetubus (D:6)
  2 adder zombies (Ossuary)
  A dart slug (D:2)
  42 orcs
  A bat (D:1)
  8 endoplasms
  6 giant cockroaches
  3 gnoll zombies (Ossuary)
  A goblin (D:3)
  6 hobgoblins
  6 jackals
  14 kobolds
  5 quokkas
  9 ball pythons
  5 frilled lizards
  9 hobgoblin zombies (Ossuary)
  4 kobold zombies (Ossuary)
  7 orc zombies (Ossuary)
  6 rats
348 creatures vanquished.

Vanquished Creatures (others)
  14 demonic plants (Gauntlet)
  A fungus (Lair:4)
  A plant (Lair:4)
16 creatures vanquished.

Grand Total: 364 creatures vanquished

Notes
Turn   | Place    | Note
-------+----------+-------------------------------------------
     0 | D:1      | Hasart the Octopode Transmuter began the quest for the Orb.
     0 | D:1      | Reached XP level 1. HP: 13/13 MP: 3/3
   595 | D:1      | Reached XP level 2. HP: 16/18 MP: 5/5
  1005 | D:1      | Found a faded altar of an unknown god.
  1407 | D:2      | Found a hide-covered altar of Uskayaw.
  1629 | D:2      | Learned a level 2 spell: Wereblood
  1659 | D:2      | Reached XP level 3. HP: 23/23 MP: 6/6
  1770 | D:2      | Learned a level 3 spell: Spider Form
  2346 | D:3      | Reached XP level 4. HP: 18/28 MP: 2/7
  2665 | D:3      | Noticed Terence
  2675 | D:3      | Killed Terence
  2676 | D:3      | Reached skill level 1 in Poison Magic
  3053 | D:4      | Reached skill level 4 in Unarmed Combat
  3169 | D:4      | Reached XP level 5. HP: 31/34 MP: 7/9
  3440 | D:4      | Noticed an ogre
  3458 | D:4      | Killed an ogre
  3459 | D:4      | Reached XP level 6. HP: 34/39 MP: 8/10
  4016 | D:5      | Entered Level 5 of the Dungeon
  4022 | D:5      | Learned a level 4 spell: Ice Form
  4033 | D:5      | Found Hoduq's General Store.
  4070 | D:5      | Bought a potion of curing for 39 gold pieces
  4331 | D:5      | Reached skill level 1 in Ice Magic
  4360 | D:6      | Reached XP level 7. HP: 45/45 MP: 11/11
  4425 | D:6      | Reached skill level 5 in Unarmed Combat
  4470 | D:6      | Found a glowing drain.
  4500 | Sewer    | Entered a sewer
  4545 | Sewer    | Noticed Pargi
  4696 | Sewer    | Killed Pargi
  4991 | D:6      | Reached XP level 8. HP: 37/52 MP: 10/13
  5013 | D:6      | Found a staircase to the Ecumenical Temple.
  5021 | Temple   | Entered the Ecumenical Temple
  5060 | Temple   | Became a worshipper of Gozag Ym Sagoz the Greedy
  5360 | D:6      | Found a large runed translucent door.
  5360 | D:6      | Found a large runed translucent door.
  5364 | D:6      | Noticed inmateoo's ghost (novice TrMo)
  5915 | D:5      | Found a runed translucent gate.
  5915 | D:5      | Found a runed translucent gate.
  5915 | D:5      | Found a runed translucent gate.
  5933 | D:5      | Reached skill level 6 in Unarmed Combat
  6016 | D:5      | Noticed Galthrax's ghost (novice MiMo)
  6201 | D:5      | Found a broken altar of Ashenzari.
  6383 | D:7      | Noticed Menkaure
  6387 | D:7      | Noticed a shadow
  6397 | D:7      | Killed Menkaure
  6398 | D:7      | Reached XP level 9. HP: 46/58 MP: 7/15
  6556 | D:7      | Found a sand-covered staircase.
  6563 | Ossuary  | Entered an ossuary
  7357 | D:8      | Reached skill level 7 in Unarmed Combat
  7357 | D:8      | Reached skill level 5 in Ice Magic
  7650 | D:8      | Noticed a hornet
  7661 | D:8      | Killed a hornet
  7662 | D:8      | Reached skill level 1 in Throwing
  7662 | D:8      | Reached skill level 1 in Evocations
  7748 | D:8      | Reached skill level 5 in Poison Magic
  7803 | D:8      | Reached skill level 5 in Dodging
  7817 | D:8      | Reached XP level 10. HP: 24/65 MP: 13/17
  7971 | D:8      | Reached skill level 5 in Transmutations
  8310 | D:8      | Identified a scroll of acquirement
  8310 | D:8      | Acquired the ring "Varerus" {EV+4 Str+5}
  8459 | D:9      | Reached skill level 5 in Spellcasting
  8599 | D:9      | Reached skill level 5 in Fighting
  8601 | D:9      | Reached skill level 8 in Unarmed Combat
  9204 | D:9      | Found a staircase to the Orcish Mines.
  9216 | D:9      | Reached XP level 11. HP: 62/72 MP: 12/18
  9736 | Orc:1    | Entered Level 1 of the Orcish Mines
  9736 | Orc:1    | Noticed a deep elf archer
  9736 | Orc:1    | Found a runed translucent gate.
  9736 | Orc:1    | Found a runed translucent gate.
  9736 | Orc:1    | Found a runed translucent gate.
  9865 | Orc:1    | Noticed an orc knight
  9865 | Orc:1    | Noticed an orc knight
  9866 | Orc:1    | Noticed an orc knight
  9866 | Orc:1    | Noticed a merfolk impaler
  9868 | Orc:1    | Noticed an orc high priest
 10004 | Orc:1    | Noticed a sixfirhy
 10548 | D:10     | Entered Level 10 of the Dungeon
 10711 | D:10     | Identified the +4 scale mail of the Buccaneer {rC+}
 10991 | D:10     | Noticed Nergalle
 11010 | D:10     | Killed Nergalle
 11222 | D:10     | Found Davain Ymemy's Book Boutique.
 11222 | D:10     | Noticed a two-headed ogre
 11257 | D:10     | Killed a two-headed ogre
 11258 | D:10     | Reached skill level 9 in Unarmed Combat
 11622 | D:11     | Found a staircase to the Lair.
 11813 | D:11     | Noticed a two-headed ogre
 11842 | D:11     | Killed a two-headed ogre
 11920 | D:11     | Noticed Grum
 11939 | D:11     | Killed Grum
 12140 | D:11     | Noticed Maurice
 12167 | D:11     | Killed Maurice
 12246 | D:11     | Found an opulent altar of Gozag.
 12262 | D:11     | Reached XP level 12. HP: 59/79 MP: 15/21
 12634 | Lair:1   | Entered Level 1 of the Lair of Beasts
 12729 | Lair:1   | Noticed an eight-headed hydra
 12858 | Orc:1    | Noticed a sun demon
 13341 | Orc:1    | Noticed a minotaur
 13342 | Orc:1    | Noticed Discosetron's ghost (journeyman DjEE)
 13344 | Orc:1    | Killed an orc high priest
 13346 | Orc:1    | Noticed Jorgrun
 13522 | D:11     | Killed an eight-headed hydra
 13720 | Lair:1   | Identified the +2 pair of gloves "Molluinli" {rN+ Str+3
                  | Dex+2}
 13789 | Lair:1   | Reached skill level 5 in Evocations
 14026 | Lair:1   | Reached skill level 10 in Unarmed Combat
 14719 | Lair:2   | You fall into a shaft and drop 2 floors!
 14768 | Lair:5   | Found a gate leading to a gauntlet.
 14839 | Gauntlet | Entered a Gauntlet
 14839 | Gauntlet | Found a transporter.
 14874 | Gauntlet | Found a transporter.
 14874 | Gauntlet | Found a transporter.
 14876 | Gauntlet | Found a transporter.
 14892 | Gauntlet | Found a transporter.
 14909 | Gauntlet | Found a transporter.
 14912 | Gauntlet | Noticed a cacodemon
 14917 | Gauntlet | Found a transporter.
 14923 | Gauntlet | Noticed a blizzard demon
 14932 | Gauntlet | Found a transporter.
 14952 | Gauntlet | Found a transporter.
 14964 | Gauntlet | Found a transporter.
 14964 | Gauntlet | Noticed a great orb of eyes
 14998 | Gauntlet | Found a transporter.
 15014 | Gauntlet | Found a transporter.
 15041 | Gauntlet | Found a transporter.
 15053 | Gauntlet | Found a transporter.
 15083 | Gauntlet | Found a transporter.
 15083 | Gauntlet | Found a transporter.
 15119 | Gauntlet | Found a transporter.
 15182 | Gauntlet | Found a transporter.
 15505 | Gauntlet | Reached skill level 5 in Throwing
 15537 | Gauntlet | Identified the -5 hat "Qaulun" {SInv}
 15614 | Gauntlet | Identified the +6 quarterstaff of Amoot {freeze, rN+ Dex+3}
 15614 | Gauntlet | Identified the ring "Oloceom" {Fly AC+4 Int+4 SInv}
 15614 | Gauntlet | Noticed a minotaur
 15631 | Gauntlet | HP: 1/144 [minotaur (37)]
 15631 | Gauntlet | Slain by a minotaur

Illustrated notes

Levels and vault maps discovered:
D:1:      eino_arrival_water_cross, layout_basic, ebering_ecumenical_altar_hall
D:2:      layout_rooms, basic_altar, minmay_worlds_worst_comb
D:3:      layout_loops_ring, uniq_terence
D:4:      layout_basic
D:5:      layout_basic, mainiacjoe_overflow_alcove_1, serial_shops,
          kennysheep_little_box, ebering_ghost_rock_garden
D:6:      layout_cave_pools, minmay_temple_entry_mist,
          ebering_ghost_disaster_area, portal_sewer_entry_a
D:7:      layout_rooms, nicolae_ossuary_entry_ruins, serial_curves,
          eino_curves_03, eino_curves_02, eino_curves_01, grunt_ogre_cave,
          dk_noncrumbling_3, uniq_menkaure
D:8:      layout_loops_ring, nicolae_water_bricks, chequers_mini_garden,
          st_stairs_1, eino_jars
D:9:      layout_basic, kennysheep_orc_monster_closet_entryway
D:10:     layout_basic, moated_statue, kennysheep_small_circle, uniq_nergalle
D:11:     layout_roguey, erik_lair_island, hex_intersection,
          nicolae_gozag_seed_capital, uniq_grum, uniq_maurice
Temple:   mainiacjoe_temple_hex_bubbles
Lair:1:   layout_cave_pods
Lair:2:   layout_chaotic_city, chequers_serial_rivers_micro_b
Lair:4:   mu_elephants_graveyard, layout_gridlike, lemuel_old_faithful,
          grunt_megastairs_3, infiniplex_staircase_pool_2, uniq_sonja
Lair:5:   layout_regular_city, gauntlet_entry_generic, tgw_fedhas
Orc:1:    layout_caves, gammafunk_ghost_fury_of_okawaru, uniq_jorgrun
Gauntlet: gammafunk_gauntlet_one_two_three [nicolae_gauntlet_arena_blocks,
          nicolae_gauntlet_swirl, gammafunk_gauntlet_arena_open,
          nicolae_gauntlet_arena_flowing_pool, nicolae_gauntlet_arena_quarters,
          nicolae_gauntlet_arena_grate_2, gammafunk_gauntlet_arena_arrow_garden,
          gammafunk_gauntlet_arena_split_diamond, gammafunk_gauntlet_arena_grid,
          dreamdust_gauntlet_exit_labyrinth]

Skill      XL: |  1  2  3  4  5  6  7  8  9 10 11 12 |
---------------+-------------------------------------+-----
Poison Magic   | 1 2 3 4 5 6 7 |  7.0
Unarmed Combat | 4 5 6 7 8 9 10 | 10.3
Fighting       | 2 3 4 5 6 |  6.7
Transmutations | 3 4 5 6 7 |  7.1
Dodging        | 3 4 5 6 7 |  7.1
Spellcasting   | 3 4 5 6 |  6.5
Ice Magic      | 1 2 4 5 6 8 9 |  9.1
Throwing       | 1 2 4 5 |  5.0
Evocations     | 1 3 4 5 |  5.0

Action                   |  1- 3 |  4- 6 |  7- 9 | 10-12 || total
-------------------------+-------+-------+-------+-------++-------
Melee: Unarmed           |   110 |    90 |   396 |   551 ||  1147
       Constrict         |    29 |    19 |    52 |    10 ||   110
       Tentacles         |    21 |    15 |    54 |     9 ||    99
       Punch             |     2 |     4 |    14 |     2 ||    22
       Kick              |     3 |     2 |     1 |       ||     6
 Cast: Beastly Appendage |     1 |     1 |     4 |       ||     6
       Wereblood         |     2 |       |    11 |    21 ||    34
       Spider Form       |       |     6 |     8 |     2 ||    16
       Ice Form          |       |       |    10 |    50 ||    60
Invok: Call Merchant     |       |       |     1 |     1 ||     2
Evoke: Wand              |       |       |       |     8 ||     8
       Lightning rod     |       |       |       |     1 ||     1
  Use: Scroll            |       |     5 |       |    21 ||    26
       Potion            |       |       |       |     3 ||     3
 Stab: Sleeping          |    10 |     4 |     4 |       ||    18
       Distracted        |       |       |     3 |     2 ||     5
Armor: Skin              |     2 |     2 |    69 |   140 ||   213
Dodge: Dodged            |    78 |    54 |   274 |   497 ||   903
